 Dungeon Crawl Stone Soup version 0.31-a0-1071-gaead2f62b1 (webtiles) character file.

Game seed: 8427745211875000706

149 wildpjah the Conjurer (level 5, -2/39 HPs)
             Began as a Draconian Conjurer on Nov 25, 2023.
             Slain by a gnoll
             ... wielding a +0 spear
              (7 damage)
             ... on level 2 of the Dungeon.
             The game lasted 00:04:58 (2123 turns).

wildpjah the Conjurer (Draconian Conjurer)          Turns: 2123, Time: 00:04:58

Health: -2/39      AC:  5    Str:  9    XL:     5   Next: 9%
Magic:  0/9        EV: 12    Int: 20    God:
Gold:   64         SH:  0    Dex: 10    Spells: 7/10 levels left

rFire   . . .        a - +0 whip (holy)
rCold   . . .        (no shield)
rNeg    . . .        (body armour unavailable)
rPois   .            (helmet restricted)
rElec   .            (no cloak)
rCorr   .            (no gloves)
SInv    .            (no boots)
Will    .....        (no amulet)
Stlth   ++           (no ring)
HPRegen 0.26/turn    (no ring)
MPRegen 0.11/turn

%: no passive effects
@: no status effects
A: AC +5, unfitting armour, cold-blooded
a: no special abilities


You were on level 2 of the Dungeon.
You visited 1 branch of the dungeon, and saw 2 of its levels.

You collected 64 gold pieces.

Inventory:

Hand Weapons
 a - a +0 whip of holy wrath (weapon)
 h - a +0 dagger
Scrolls
 c - 2 scrolls of identify {unknown}
 d - a scroll of amnesia {unknown}
 f - a scroll of immolation {unknown}
 i - a scroll of vulnerability {unknown}
 j - a scroll of fog {unknown}
Potions
 b - a potion of lignification {unknown}
 e - a potion of curing {unknown}
 g - a potion of heal wounds


   Skills:
 + Level 0.4 Fighting
 + Level 0.3 Short Blades
 + Level 0.3 Maces & Flails
 + Level 2.1 Dodging
 + Level 2.0 Stealth
 + Level 3.0 Spellcasting
 + Level 5.4 Conjurations


You had 7 spell levels left.
You knew the following spells:

 Your Spells              Type           Power      Damage    Failure   Level
a - Magic Dart            Conj           96%        1d7       1%          1
b - Searing Ray           Conj           48%        2d6       2%          2

Your spell library contained the following spells:

 Spells                   Type           Power      Damage    Failure   Level
 Dazzling Flash           Conj/Hex       26%        N/A       14%         3
 Fulminant Prism          Conj/Hex       6%         3d7       43%         4
 Iskenderun's Mystic Bla  Conj/Tloc      13%        2d5       43%         4


Dungeon Overview and Level Annotations

Branches:
Dungeon (2/15)

Altars:

Annotations:
D:1 1 transporter


Innate Abilities, Weirdness & Mutations

Your plain brown scales are hard. (AC +5)
You cannot fit into any form of body armour.
You are cold-blooded and may be slowed by cold attacks.


Message History

The gnoll hits you but does no damage. The gnoll attacks as it pursues you!
The gnoll hits you but does no damage. The gnoll attacks as it pursues you!
The gnoll hits you from afar with a +0 spear.
* * * LOW HITPOINT WARNING * * *
Things that are here:
a +0 spear; a gnoll corpse The gnoll attacks as it pursues you!
The gnoll hits you from afar with a +0 spear.
* * * LOW HITPOINT WARNING * * *
Items here: )) ††.
The gnoll attacks as it pursues you! The gnoll hits you but does no damage.
Aiming: Searing Ray (safe; 2% risk of failure)
Press: ? - help, Q - select action, (/) - cycle Shift-Dir - straight line, f - gnoll
Aim: a gnoll, wielding a +0 spear (heavily wounded, 82% to hit)
The searing ray hits the gnoll.
The gnoll is severely wounded.
The searing ray hits the gnoll!
The gnoll is severely wounded. (Press . to maintain the ray.)
The gnoll hits you but does no damage.
The searing ray misses the gnoll.
The searing ray hits the gnoll!
You kill the gnoll!
The gnoll closely misses you.
Unknown command.
The gnoll hits you with a +0 spear.
* * * LOW HITPOINT WARNING * * *
You hit the gnoll but do no damage. You punch the gnoll.
The gnoll is almost dead.
The gnoll barely misses you.
You completely miss the gnoll.
The gnoll is almost dead.
The gnoll closely misses you.
You barely miss the gnoll.
The gnoll is almost dead.
The gnoll barely misses you.
You hit the gnoll.
The gnoll is almost dead.
The gnoll hits you with a +0 spear!
You die...

###...##### #....# #.#####
#...#########....# #.#...#
#######...##.....##....###÷#...##
................>......'.........
.######...##(###....g..###.#...##
.#...)'....#.###.##........+...'.
.#.####...%#...#)#########.#...##
.#.#.....#.###.#g# #)#...#
.#.#.........#.#@# #######g######
.#.#####.#.#.#.#.# ...........#..
.#.......#...#.#.# #######.##.#..
...###########.#.# #†......
.#.............#.# #.......
.###############.# #.......
.................# #.#'##..
################## #.#.##..
#.#.####


You could see a gnoll.

Vanquished Creatures
  Jessica (D:2)
  6 gnolls (D:2)
  2 adders (D:2)
  4 ball pythons
  3 bats
  3 endoplasms (D:1)
  3 giant cockroaches (D:1)
  3 goblins (D:1)
  A hobgoblin (D:1)
  7 jackals (D:1)
  5 quokkas
  2 frilled lizards
  3 kobolds
  4 rats (D:1)
47 creatures vanquished.

Notes
Turn   | Place    | Note
-------+----------+-------------------------------------------
     0 | D:1      | wildpjah the Draconian Conjurer began the quest for the
                  | Orb.
     0 | D:1      | Reached XP level 1. HP: 14/14 MP: 3/3
   347 | D:1      | Reached XP level 2. HP: 20/20 MP: 3/5
   390 | D:1      | Learned a level 2 spell: Searing Ray
   824 | D:1      | Reached XP level 3. HP: 26/26 MP: 3/6
  1575 | D:2      | Noticed Jessica
  1586 | D:2      | Killed Jessica
  1599 | D:2      | Reached skill level 5 in Conjurations
  1599 | D:2      | Reached XP level 4. HP: 9/33 MP: 5/7
  1903 | D:2      | HP: 1/33 [gnoll/+0 club (2)]
  2096 | D:2      | Reached XP level 5. HP: 22/39 MP: 0/9
  2123 | D:2      | Slain by a gnoll

Illustrated notes

Levels and vault maps discovered:
D:1:      spicycebolla_arrival_risky_transporter, layout_basic
D:2:      layout_basic, serial_corexii_hall, corexii_hall_statues_u,
          corexii_hall_statues_i, uniq_natasha, uniq_jessica

Skill      XL: |  1  2  3  4 |
---------------+-------------+-----
Dodging        | 2 |  2.1
Stealth        | 2 |  2.0
Conjurations   | 5 |  5.4
Spellcasting   | 3 |  3.0
Fighting       | |  0.4
Short Blades   | |  0.3
Maces & Flails | |  0.3

Action                     |  1- 3 |  4- 6 || total
---------------------------+-------+-------++-------
  Melee: Club              |     8 |       ||     8
         Dagger            |    38 |    13 ||    51
         Tailslap          |     2 |     2 ||     4
         Whip              |       |     7 ||     7
         Punch             |       |     2 ||     2
   Cast: Magic Dart        |    58 |    31 ||    89
         Searing Ray       |     1 |     1 ||     2
    Use: Potion            |     1 |     1 ||     2
   Stab: Sleeping          |     1 |       ||     1
 Armour: Skin              |    27 |    35 ||    62
  Dodge: Dodged            |    41 |    39 ||    80

Table legend: (Time is in decaauts)
 A = Elapsed time spent in this place.
 B = Non-inter-level travel time spent in this place.
 C = Inter-level travel time spent in this place.
 D = Time resting spent in this place.
 E = Time spent auto-exploring this place.
 F = Levels seen in this place.
 G = Mean time per level.
                   A        B        C        D        E       F      G
               +--------+--------+--------+--------+--------+-----+--------+
         Total |   2123 |   2115 |      8 |    109 |   1669 |   2 | 1061.5 |
       Dungeon |   2123 |   2115 |      8 |    109 |   1669 |   2 | 1061.5 |
               +--------+--------+--------+--------+--------+-----+--------+

Top non-repeatable levels by time:
     D:1: 1532 daAuts
     D:2: 591 daAuts
